 Dungeon Crawl Stone Soup version 0.18.1-8-gdd0e5ea (webtiles) character file.

8079 Scarto the Protected (level 11, -15/71 HPs)
             Began as a Gargoyle Fighter on June 2, 2016.
             Was a High Priest of Makhleb.
             Demolished by Snorg (16 damage)
             ... on level 11 of the Dungeon.
             The game lasted 00:17:27 (8532 turns).

Scarto the Protected (Gargoyle Fighter)             Turns: 8532, Time: 00:17:27

Health: -15/71     AC: 31    Str: 28    XL:     11   Next: 25%
Magic:  0/17       EV:  1    Int:  7    God:    Makhleb [*****.]
Gold:   568        SH: 13    Dex:  9    Spells: 0 memorised, 10 levels left

rFire  . . .     SeeInvis +     n - +3 morningstar (crush)
rCold  . . .     Gourm    .     u - +2 plate armour
rNeg   + . .     Faith    .     c - +1 shield
rPois  ∞         Spirit   +     (no helmet)
rElec  +         Dismiss  .     q - +2 cloak {+Inv}
rCorr  .         Reflect  .     g - +3 pair of gauntlets of War {Slay+5}
SustAt .         Harm     .     (no boots)
MR     .....                    k - amulet of guardian spirit
Stlth  ..........               p - ring of flight
                                b - ring of see invisible

@: mighty, not resistant to hostile enchantments, extremely unstealthy
A: talons 1, dopey 1, negative energy resistance 1, electricity resistance,
unbreathing, petrification resistance, rot immunity, AC +7
a: Minor Destruction, Lesser Servant of Makhleb, Major Destruction, Greater
Servant of Makhleb, Renounce Religion, Evoke Invisibility, Evoke Flight


You were on level 11 of the Dungeon.
You worshipped Makhleb.
Makhleb was extremely pleased with you.
You were not hungry.

You visited 1 branch of the dungeon, and saw 11 of its levels.

You collected 568 gold pieces.

Inventory:

Hand Weapons
 n - a +3 morningstar of crushing (weapon)
Armour
 c - a +1 shield (worn)
 g - the +3 pair of gauntlets of War (worn) {Slay+5}
   (You acquired it on level 10 of the Dungeon)

   It affects your accuracy and damage with ranged weapons and melee attacks
   (+5).
 q - a +2 cloak of invisibility (worn)
 u - a +2 plate armour (worn)
Jewellery
 b - a ring of see invisible (left hand)
 k - an amulet of guardian spirit (around neck)
 p - a ring of flight (right hand)
Wands
 w - a wand of iceblast (7/15)
 y - a wand of heal wounds (3/9)
 A - a wand of lightning (6/15)
Scrolls
 a - a scroll of magic mapping
 e - 2 scrolls of immolation
 i - 4 scrolls of identify
 r - a scroll of remove curse
 x - 3 scrolls of teleportation
Potions
 d - 2 potions of might
 j - 3 potions of flight
 l - 2 potions of cancellation
 m - a potion of brilliance
 s - a potion of magic
 v - 4 potions of agility
Comestibles
 f - 2 bread rations
 h - 5 meat rations
 o - 4 beef jerkies
 t - 7 slices of pizza


   Skills:
 + Level 9.1 Fighting
 + Level 8.0 Maces & Flails
 + Level 9.2 Armour
 + Level 9.1 Shields
 + Level 8.1 Invocations


You had 10 spell levels left.
You didn't know any spells.

Dungeon Overview and Level Annotations

Branches:
Dungeon (11/15)            Temple (0/1) D:4            Lair (0/8) D:10
    Orc: D:9-12

Altars:
Ashenzari
Dithmenos
Elyvilon
Fedhas
Kikubaaqudgha
Makhleb
Okawaru
Pakellas
Qazlal
Trog
Vehumet
The Shining One

Annotations:
D:11 Snorg


Innate Abilities, Weirdness & Mutations

You are resistant to torment.
Your stone body is resilient (AC +7).
You are immune to poison.
You resist negative energy.
You are resistant to electric shocks.
You can survive without breathing.
You are immune to petrification.
You are immune to rotting.
You have sharp toenails.
You are dopey. (Int -2)


Message History

Snorg is heavily wounded.
Snorg bites you!! You block Snorg's attack. x2
You are too injured to fight recklessly!
You are too injured to fight recklessly!
You are too injured to fight recklessly!
Unknown command.
Drink which item? (? for menu, Esc to quit)
You feel very mighty all of a sudden. Snorg bites you!!
* * * LOW HITPOINT WARNING * * *
Snorg claws you but does no damage. x2; Snorg bites you but does no damage.
Snorg claws you!
* * * LOW HITPOINT WARNING * * *
Snorg claws you but does no damage. You block Snorg's attack. Snorg claws you.
* * * LOW HITPOINT WARNING * * *
You block Snorg's attack.
There is a stone staircase leading up, spattered with blood here.
Snorg bites you!
You die...

.....
..... ...
... #.# %
# #.#
...#.##.#
...(...T#
..####.@#
#).# #..#
...#
##...
.... ##..
....


You could see Snorg (berserk).

Vanquished Creatures
  Fannar (D:10)
  Erica (D:10)
  2 trolls
  Grinder (D:3)
  Sigmund (D:4)
  7 yaks
  A human (D:7)
  A hog (D:7)
  A hungry ghost (D:7)
  A hippogriff (D:8)
  3 orc warriors
  A sky beast (D:9)
  A phantom (D:8)
  A black bear (D:10)
  3 ogres
  An eye of draining (D:9)
  2 wolves (D:10)
  6 centaurs
  4 giant frogs
  A wyvern skeleton (D:8)
  A scorpion (D:3)
  A howler monkey (D:9)
  8 wights (D:8)
  3 electric eels (D:10)
  3 crimson imps
  3 giant frog zombies
  A quasit (D:9)
  10 hounds
  A jelly (D:8)
  10 orc wizards
  3 centaur skeletons
  3 orc priests
  Crazy Yiuf (D:3)
  5 iguanas
  10 worker ants
  Natasha (twice) (D:4)
  2 sheep (D:7)
  3 worker ant zombies
  9 adders
  2 shadow imps
  An ooze (D:1)
  2 adder zombies
  A worm (D:2)
  3 dart slugs
  6 giant geckos
  19 orcs
  3 ball pythons
  8 bats
  4 giant cockroaches (D:2)
  5 goblins
  2 hobgoblins
  12 jackals
  12 kobolds
  3 quokkas
  5 giant newts
  2 jackal skeletons
  4 rats
213 creatures vanquished.

Vanquished Creatures (collateral kills)
  A giant cockroach (D:5)
1 creature vanquished.

Vanquished Creatures (others)
  A hydra (D:3)
  A plant (D:4)
2 creatures vanquished.

Grand Total: 216 creatures vanquished

Notes
Turn   | Place    | Note
--------------------------------------------------------------
     0 | D:1      | Scarto the Gargoyle Fighter began the quest for the Orb.
     0 | D:1      | Reached XP level 1. HP: 14/14 MP: 1/1
   337 | D:1      | Reached XP level 2. HP: 7/19 MP: 2/2
   933 | D:1      | Reached XP level 3. HP: 21/23 MP: 3/3
  1406 | D:2      | Found a bloodstained altar of Trog.
  1677 | D:2      | Found a burning altar of Makhleb.
  1684 | D:2      | Became a worshipper of Makhleb the Destroyer
  1702 | D:2      | Reached XP level 4. HP: 28/29 MP: 4/4
  2239 | D:3      | Reached skill level 1 in Invocations
  2260 | D:3      | Reached XP level 5. HP: 28/33 MP: 5/5
  2300 | D:3      | Noticed Grinder
  2311 | D:3      | Paralysed by Grinder for 2 turns
  2323 | D:3      | Killed Grinder
  2323 | D:3      | Reached XP level 6. HP: 28/39 MP: 5/7
  2403 | D:3      | Found an oddly glowing altar of Pakellas.
  2403 | D:3      | Noticed a seven-headed hydra
  2414 | D:3      | Killed a seven-headed hydra
  2519 | D:3      | Reached * piety under Makhleb
  2703 | D:3      | Reached XP level 7. HP: 44/44 MP: 8/8
  2761 | D:3      | Noticed Crazy Yiuf
  2766 | D:3      | Killed Crazy Yiuf
  2766 | D:3      | Reached skill level 5 in Armour
  2856 | D:3      | You fall through a shaft!
  2974 | D:4      | Noticed Sigmund
  2986 | D:4      | Killed Sigmund
  2986 | D:4      | Reached skill level 5 in Fighting
  3260 | D:4      | Found a shattered altar of Ashenzari.
  3264 | D:4      | Saw a vision of the Swamp and the Snake Pit.
  3264 | D:4      | Noticed a mana viper
  3264 | D:4      | Noticed a black mamba
  3264 | D:4      | Noticed a naga sharpshooter
  3264 | D:4      | Noticed a black mamba
  3264 | D:4      | Noticed an alligator
  3265 | D:4      | Noticed a black mamba
  3265 | D:4      | Noticed a naga
  3265 | D:4      | Noticed a naga
  3266 | D:4      | Noticed a naga ritualist
  3375 | D:4      | Reached skill level 5 in Shields
  3386 | D:4      | Found a staircase to the Ecumenical Temple.
  3639 | D:4      | Noticed Natasha
  3646 | D:4      | Killed Natasha
  3723 | D:4      | Noticed Natasha
  3737 | D:4      | Killed Natasha
  3756 | D:5      | Entered Level 5 of the Dungeon
  3958 | D:5      | Reached ** piety under Makhleb
  4030 | D:5      | Found a white marble altar of Elyvilon.
  4065 | D:5      | Found a shadowy altar of Dithmenos.
  4198 | D:5      | Reached XP level 8. HP: 49/49 MP: 10/10
  4475 | D:6      | Reached skill level 5 in Maces & Flails
  4540 | D:6      | Found a glowing golden altar of the Shining One.
  4850 | D:7      | Reached *** piety under Makhleb
  5422 | D:7      | Found a bloodstained altar of Trog.
  5439 | D:7      | Reached XP level 9. HP: 56/56 MP: 12/12
  5559 | D:7      | Reached skill level 5 in Invocations
  5664 | D:7      | Gained mutation: You have sharp toenails. [potion of mutation]
  5664 | D:7      | Gained mutation: You are dopey. (Int -2) [potion of mutation]
  5818 | D:8      | Noticed a troll
  5830 | D:8      | Killed a troll
  5983 | D:8      | Found a blossoming altar of Fedhas.
  6152 | D:8      | Reached **** piety under Makhleb
  6155 | D:8      | Reached XP level 10. HP: 63/63 MP: 14/14
  6419 | D:9      | Found a radiant altar of Vehumet.
  6419 | D:9      | Found an iron altar of Okawaru.
  6703 | D:9      | Found a stormy altar of Qazlal.
  6826 | D:9      | Found an ancient bone altar of Kikubaaqudgha.
  7234 | D:10     | Entered Level 10 of the Dungeon
  7245 | D:10     | Noticed Erica
  7290 | D:10     | Killed Erica
  7320 | D:10     | Reached ***** piety under Makhleb
  7397 | D:10     | Found a staircase to the Lair.
  7425 | D:10     | Reached XP level 11. HP: 62/69 MP: 12/16
  7633 | D:10     | Identified a scroll of acquirement
  7826 | D:10     | Noticed Fannar
  8233 | D:10     | Killed Fannar
  8520 | D:11     | Noticed Snorg
  8531 | D:11     | HP: 1/71 [Snorg (4)]
  8532 | D:11     | Demolished by Snorg

Skill      XL: |  1  2  3  4  5  6  7  8  9 10 11 |
---------------+----------------------------------+-----
Armour         | 4 5 6 7 8 9 |  9.2
Shields        | 4 5 6 7 8 9 |  9.1
Maces & Flails | 3 4 5 6 7 8 |  8.0
Invocations    | 1 2 3 4 6 7 8 |  8.1
Fighting       | 4 5 6 7 8 9 |  9.1

Action                   |  1- 3 |  4- 6 |  7- 9 | 10-12 || total
-------------------------+-------+-------+-------+-------++-------
Melee: Flail             |   219 |   147 |    92 |       ||   458
       Morningstar       |       |       |   245 |   307 ||   552
       Kick              |       |       |    15 |    88 ||   103
  Use: Scroll            |       |     6 |    19 |     4 ||    29
       Potion            |       |       |     3 |     5 ||     8
 Stab: Distracted        |       |       |     1 |       ||     1
  Eat: Bread ration      |     1 |     1 |     4 |     2 ||     8
       Chunk             |       |       |     1 |       ||     1
Armor: Scale mail        |   123 |    84 |   132 |       ||   339
       Plate armour      |       |       |   110 |   449 ||   559
Dodge: Dodged            |    91 |    61 |   101 |   141 ||   394
Block: Shield            |   137 |    85 |   263 |   335 ||   820
